Map: King Sejong Station LE

Players

Miszu - Winner!

  • Race: Terran Terran
  • League: Master

flyingdede

  • Race: Zerg Zerg
  • League: Master

VOD

Have the link to the VOD?

Description

Time

  • Played on: July 1, 2016, 5:05 p.m.
  • Length: 10:03
Show
View Real Time Build Order
Export as new Build Order

Miszu Terran - Winner!

Build Orders: Reaper Expand 

Get SALT Encoding   

  12  0:00  SCV  
  13  0:17  SCV  
  13  0:18  Supply Depot  
  14  0:29  SCV  
  15  0:41  SCV  
  16  0:44  Barracks  
  16  0:45  Refinery  
  16  0:53  SCV  
  17  1:05  SCV  
  18  1:17  SCV  
  19  1:31  Reaper, Orbital Command  
  20  1:47  Command Center  
  20  1:58  Supply Depot  
  20  2:00  SCV  
  20  2:04  Barracks Reactor  
  20  2:12  SCV  
  20  2:14  Refinery  
  21  2:23  Factory  
  21  2:24  SCV  
  22  2:37  SCV  
  23  2:44  Marine x2  
  23  2:49  SCV  
  26  3:01  SCV  
  26  3:02  Orbital Command  
  26  3:04  Marine x2  
  29  3:07  Starport, Factory Reactor  
  29  3:13  SCV  
  29  3:18  Supply Depot  
  30  3:22  Marine x2  
  32  3:27  SCV  
  32  3:29  SCV  
  34  3:39  Marine x2, SCV  
  37  3:46  SCV  
  38  3:49  Supply Depot  
  38  3:50  Medivac x2, Widow Mine  
  38  3:54  SCV  
  45  3:57  Marine x2  
  45  3:58  SCV  
  35  4:02  Liberator  
  48  4:06  SCV  
  49  4:13  SCV  
  49  4:15  Marine x2  
  51  4:18  Liberator  
  54  4:28  SCV  
  54  4:29  Command Center, SCV  
  59  4:39  Refinery  
  59  4:40  Refinery  
  59  4:44  Supply Depot  
  59  4:59  Marine  
  59  5:00  Marine  
  59  5:01  SCV, Liberator, Factory Tech Lab  
  59  5:06  SCV  
  63  5:13  SCV  
  64  5:15  Supply Depot  
  64  5:17  Marine  
  64  5:18  SCV  
  69  5:26  SCV  
  70  5:30  SCV  
  69  5:37  Marine  
  69  5:38  Marine, Siege Tank  
  69  5:39  SCV  
  69  5:42  SCV  
  74  5:43  Engineering Bay x2  
  74  5:44  Barracks  
  74  5:46  Barracks  
  74  5:51  SCV  
  74  5:52  Supply Depot, Orbital Command  
  74  5:54  SCV  
  74  5:55  Marine  
  76  6:03  SCV  
  74  6:07  SCV  
  75  6:12  Marine  
  75  6:13  Marine  
  75  6:15  SCV  
  78  6:19  SCV, Orbital Command  
  78  6:22  Terran Infantry Weapons Level 1, Terran Infantry Armor Level 1  
  77  6:27  Barracks x2, SCV  
  77  6:29  Marine  
  77  6:31  Marine  
  78  6:32  SCV  
  78  6:39  SCV  
  79  6:45  SCV  
  77  6:47  Barracks Tech Lab x2  
  77  6:48  Reaper  
  77  6:53  SCV x2  
  80  6:54  Barracks x2  
  80  6:55  Barracks  
  80  6:56  Supply Depot  
  80  6:57  Supply Depot, SCV  
  80  7:00  Siege Tank  
  84  7:05  SCV  
  85  7:13  SCV  
  85  7:14  SCV  
  85  7:15  Barracks Reactor x2  
  87  7:16  Combat Shields  
  87  7:17  Marine, Stimpack, SCV  
  87  7:19  Marine  
  90  7:23  Bunker  
  90  7:26  Supply Depot  
  87  7:32  Supply Depot, Marine x2  
  87  7:35  Marine  
  87  7:36  Marine  
  91  7:38  Refinery, SCV x2  
  91  7:39  SCV  
  91  7:43  Barracks Reactor  
  91  7:44  Barracks Reactor, Barracks Tech Lab  
  94  7:49  Supply Depot  
  94  7:50  Marine x2, Medivac, SCV x2  
  94  7:51  Supply Depot, Medivac, SCV  
  105  8:05  Marauder  
  105  8:06  Marine x4  
  105  8:07  Marine  
  105  8:12  Marine x2, Marauder  
  114  8:18  Siege Tank  
  117  8:21  Supply Depot  
  117  8:22  Supply Depot  
  117  8:24  Marine x6  
  117  8:25  Marine x3  
  128  8:27  Marauder  
  128  8:29  Marine  
  128  8:30  Marauder  
  128  8:31  Supply Depot  
  131  8:35  Marauder, Armory  
  133  8:41  Marine  
  133  8:47  Command Center  
  136  8:48  Marauder  
  136  8:55  Marine, Marauder  
  138  8:56  Marine x8  
  138  9:02  Supply Depot  
  147  9:03  Supply Depot  
  147  9:07  Medivac, Marauder  
  147  9:08  Medivac  
  153  9:14  Starport, Refinery  
  153  9:16  Marine  
  155  9:17  Marine x3, Marauder  
  155  9:23  Marine  
  159  9:35  Marauder  
  159  9:36  Marine x9, Marauder  
  159  9:37  Marine  
  150  9:40  Marine  
Show
View Real Time Build Order
Export as new Build Order

flyingdede Zerg 

Build Orders: Hatch First 

Get SALT Encoding   

  12  0:01  Drone  
  13  0:08  Drone  
  14  0:17  Overlord  
  14  0:23  Extractor  
  14  0:24  Drone  
  15  0:36  Drone x2  
  17  0:57  Hatchery  
  17  1:01  Drone  
  17  1:12  Spawning Pool  
  16  1:18  Drone x2  
  16  1:21  Drone  
  19  1:38  Overlord  
  19  1:47  Extractor  
  18  1:59  Extractor, Queen  
  20  2:11  Queen  
  20  2:12  Zergling x2  
  20  2:13  Zergling x2  
  23  2:15  Drone x2  
  25  2:26  Hatchery  
  24  2:38  Drone x3  
  27  2:46  Drone x2  
  27  2:48  Drone  
  30  3:01  Drone x2  
  30  3:04  Queen  
  34  3:09  Metabolic Boost  
  34  3:25  Drone x2  
  34  3:26  Overlord  
  36  3:28  Overlord  
  36  3:39  Queen, Drone  
  36  3:40  Drone x3  
  42  3:47  Drone x3  
  45  4:01  Extractor  
  44  4:03  Overlord  
  44  4:21  Drone  
  44  4:22  Drone x10  
  55  4:27  Drone  
  55  4:28  Baneling Nest  
  55  4:34  Drone x2  
  57  4:39  Drone x4  
  61  4:45  Evolution Chamber  
  61  4:46  Evolution Chamber  
  55  4:56  Zergling x12  
  55  4:57  Zergling x2  
  55  5:03  Zergling x4  
  55  5:06  Zergling x4  
  59  5:09  Zergling x12  
  65  5:15  Baneling x4  
  65  5:20  Zergling x2  
  66  5:21  Overlord x2  
  51  5:36  Zergling x8  
  51  5:39  Spore Crawler  
  51  5:42  Zergling x2  
  50  5:45  Zergling x6  
  48  5:50  Zergling x4, Spore Crawler  
  48  5:54  Baneling x2  
  47  5:57  Spore Crawler  
  37  6:05  Zergling x2  
  37  6:11  Queen  
  34  6:22  Drone x2  
  33  6:40  Drone x3  
  33  6:42  Drone  
  37  6:47  Drone  
  37  6:48  Drone  
  39  6:57  Zergling x4  
  39  6:58  Zergling x2  
  42  7:06  Drone x3  
  45  7:13  Drone x3  
  45  7:14  Drone  
  50  7:22  Zergling x2  
  50  7:23  Zergling x6  
  50  7:28  Drone x3  
  50  7:29  Drone  
  57  7:34  Zerg Ground Armor Level 1  
  57  7:37  Zerg Melee Weapons Level 1  
  57  7:50  Drone x8  
  57  7:51  Drone  
  66  7:56  Extractor, Zergling x2  
  66  8:12  Queen  
  68  8:13  Zergling x2  
  68  8:14  Zergling x8  
  71  8:22  Zergling x4  
  71  8:24  Overlord x4  
  73  8:29  Lair  
  73  8:32  Baneling x4  
  73  8:34  Extractor  
  72  8:44  Drone x5  
  72  8:45  Zergling x8  
  81  8:51  Zergling x2  
  81  8:52  Zergling x4  
  81  8:53  Baneling x5  
  84  8:58  Zergling x8  
  84  9:01  Baneling x2  
  88  9:02  Hatchery  
  87  9:22  Zergling x2  
  87  9:23  Zergling x20  
  97  9:25  Baneling x4  
  97  9:26  Baneling  
  85  9:35  Zergling x8  
  80  9:44  Zergling x4  
Tags
 
Add a new tag
Caveats
  • Supply blocks, unpowered buildings, or Contaminate may cause inaccurate times.
  • Supply counts are checked every 10 seconds.